 Dungeon Crawl Stone Soup version 0.23.0 (webtiles) character file.

Game seed: 6063656398181312497

54964 BarneyGumball the Unseen (level 14, 72/72 HPs)
             Began as a Spriggan Skald on Feb 18, 2019.
             Was an Initiate of Gozag.
             Quit the game on level 14 of the Dungeon on Feb 21, 2019.
             The game lasted 04:03:23 (42062 turns).

BarneyGumball the Unseen (Spriggan Skald)          Turns: 42062, Time: 04:03:23

Health: 72/72      AC:  5    Str: 10    XL:     14   Next: 36%
Magic:  29/29      EV: 19    Int: 21    God:    Gozag
Gold:   2260       SH:  0    Dex: 17    Spells: 1/34 levels left

rFire    + . .     SeeInvis +   a - +3 dagger (venom)
rCold    + . .     Gourm    .   (shield restricted)
rNeg     . . .     Faith    .   E - +1 robe {rF+}
rPois    +         Spirit   .   O - +0 hat {Int+3}
rElec    .         Reflect  .   F - +1 cloak {rPois}
rCorr    .         Harm     .   (gloves unavailable)
MR       +++..                  (boots unavailable)
Stlth    ++++++++..             m - amulet of the acrobat
HPRegen  0.22/turn              N - ring of ice
MPRegen  0.21/turn              J - ring "Maici" {rF+ MR+ Str+3 Slay-2 Stlth+}

@: gold aura, very quick
A: very small, unfitting armour, hooves 1, see invisible, herbivore, speed 3,
slow metabolism 2
a: Potion Petition, Call Merchant, Bribe Branch, Renounce Religion


You were on level 14 of the Dungeon.
You worshipped Gozag.
Gozag was most pleased with you.
You were not hungry.

You visited 4 branches of the dungeon, and saw 23 of its levels.
You also visited: Gauntlet and Ice Cave.

You collected 5571 gold pieces.
You spent 1674 gold pieces at shops.
You paid 1637 gold pieces to Gozag.

Inventory:

Hand Weapons
 a - a +3 dagger of venom (weapon)
 b - a +0 hunting sling
 r - a +0 vampiric rapier
Missiles
 c - 81 sling bullets
 u - 35 tomahawks (quivered)
Armour
 E - a +1 robe of fire resistance (worn)
 F - a +1 cloak of poison resistance (worn)
 O - a +0 hat of intelligence (worn)
Jewellery
 m - an amulet of the acrobat (around neck)
 G - an uncursed ring of protection from magic
 H - a +1 ring of protection
 J - the ring "Maici" (right hand) {rF+ MR+ Str+3 Slay-2 Stlth+}
   (You found it on level 1 of the Lair of Beasts)

   [ring of protection from magic]

   It affects your strength (+3).
   It affects your accuracy and damage with ranged weapons and melee attacks
   (-2).
   It protects you from fire.
   It affects your resistance to hostile enchantments.
   It makes you more stealthy.
 M - a +4 ring of intelligence
 N - a ring of ice (left hand)
Wands
 e - a wand of iceblast (20)
 t - a wand of polymorph (20)
 A - a wand of random effects (26)
 B - a wand of digging (5)
 I - a wand of paralysis (14)
 P - a wand of acid (9)
 Q - a wand of flame (51)
 T - a wand of clouds (3)
 U - a wand of enslavement (9)
Scrolls
 h - 2 scrolls of fog
 i - 2 scrolls of magic mapping
 j - 9 scrolls of identify
 o - 3 scrolls of enchant weapon
 p - 4 scrolls of teleportation
 q - a scroll of amnesia
 s - a scroll of enchant armour
 y - 3 scrolls of fear
 C - a scroll of silence
 D - 6 scrolls of remove curse
 K - a scroll of acquirement {unknown}
 W - a scroll of vulnerability {unknown}
Potions
 f - 2 potions of invisibility
 g - 7 potions of lignification
 k - 2 potions of agility
 l - 6 potions of curing
 n - 2 potions of ambrosia
 v - 2 potions of magic
 w - 2 potions of mutation
 x - 2 potions of might
 z - a potion of resistance
 L - a potion of cancellation
 R - 4 potions of haste
 S - 2 potions of heal wounds
 V - a potion of degeneration {unknown}
Comestibles
 d - 9 rations


   Skills:
 - Level 7.0 Fighting
 + Level 10.3 Short Blades
 - Level 2.8 Slings
   Level 2.2 Bows
 - Level 3.5 Dodging
 + Level 18.3 Stealth
 + Level 10.6 Spellcasting
 * Level 4.8 Conjurations
 - Level 13.6 Hexes
 - Level 4.4 Charms
 - Level 1.2 Summonings
 - Level 3.0 Translocations
 - Level 5.1 Ice Magic
 - Level 5.0 Air Magic


You had one spell level left.
You knew the following spells:

 Your Spells              Type           Power        Failure   Level  Hunger
a - Infusion              Chrm           ####         1%          1    None
b - Shroud of Golubria    Chrm/Tloc      ####......   1%          2    None
c - Confuse               Hex            ######..     1%          3    None
d - Metabolic Englaciati  Hex/Ice        ######....   3%          5    ####...
e - Deflect Missiles      Chrm/Air       ####......   80%         6    ######.
f - Invisibility          Hex            ######..     3%          6    ######.
g - Summon Butterflies    Summ           ###.....     3%          1    None
h - Passwall              Tmut/Erth      ##......     10%         2    None
i - Dazzling Spray        Conj/Hex       ######       1%          3    None
j - Iskenderun's Mystic   Conj           ####....     9%          4    ##.....

Your spell library contained the following spells:

 Spells                   Type           Power        Failure   Level  Hunger
 Apportation              Tloc           ###...       1%          1    None
 Confusing Touch          Hex            ######       1%          1    None
 Magic Dart               Conj           ####         1%          1    None
 Summon Small Mammal      Summ           ###.         3%          1    None
 Sandblast                Erth           ##....       6%          1    None
 Searing Ray              Conj           ####..       1%          2    None
 Song of Slaying          Chrm           ####....     1%          2    None
 Throw Frost              Conj/Ice       #####.       1%          2    None
 Spectral Weapon          Hex/Chrm       #####...     1%          3    None
 Summon Guardian Golem    Hex/Summ       #####...     1%          3    None
 Tukima's Dance           Hex            ######..     1%          3    None
 Fulminant Prism          Conj/Hex       ######....   1%          4    ##.....
 Static Discharge         Conj/Air       ####....     2%          3    None
 Silence                  Hex/Air        ######....   3%          5    ####...
 Call Imp                 Summ           ###.....     5%          2    None
 Gell's Gravitas          Tloc           ###.......   5%          3    None
 Lesser Beckoning         Tloc           ###.......   5%          3    None
 Stone Arrow              Conj/Erth      ###...       7%          3    None
 Regeneration             Chrm/Necr      ###.......   8%          3    None
 Call Canine Familiar     Summ           ###.....     11%         3    None
 Yara's Violent Unravell  Hex/Tmut       #####.....   11%         5    ####...
 Force Lance              Conj/Tloc      ####....     12%         4    ##.....
 Summon Ice Beast         Ice/Summ       #####...     16%         4    ##.....
 Summon Lightning Spire   Summ/Air       ###.....     17%         4    ##.....
 Petrify                  Tmut/Erth      ##......     52%         4    ##.....
 Fireball                 Conj/Fire      ###.......   52%         5    ####...
 Venom Bolt               Conj/Pois      ###.......   52%         5    ####...
 Conjure Ball Lightning   Conj/Air       ####......   77%         6    ######.
 Alistair's Intoxication  Tmut/Pois      ##......     86%         5    ####...
 Borgnjor's Vile Clutch   Necr/Erth      ##........   86%         5    ####...
 Lee's Rapid Deconstruct  Erth           ##........   86%         5    ####...
 Tornado                  Air            ####......   100%        9    #######


Dungeon Overview and Level Annotations

Branches:
Dungeon (14/15)            Temple (1/1) D:7            Lair (6/6) D:9
 Shoals (0/4) Lair:3        Snake (0/4) Lair:4          Orc (2/2) D:12
    Elf (0/3) Orc:2        Vaults (0/5) D:13
  Slime: Lair:5-6

Altars:
Ashenzari
Cheibriados
Dithmenos
Elyvilon
Fedhas
Gozag
Hepliaklqana
Kikubaaqudgha
Makhleb
Nemelex Xobeh
Okawaru
Qazlal
Ru
Sif Muna
Trog
Uskayaw
Vehumet
Wu Jian
Xom
Yredelemnul
Zin
The Shining One
Beogh

Shops:
D:4 }   D:8 [   D:10 !   Orc:2 (}!}   Lair:4 :

Annotations:
D:4 exclusion: 2 orc wizards
D:5 1 runed translucent door, BarneyGumball's ghost, novice KoBe
D:8 1 runed translucent door, bonscott's ghost, novice TeAE
D:10 3 runed translucent doors, mezmerelda's ghost, journeyman TrMo
D:14 3 runed translucent doors, Azrael; Cicylist's ghost, journeyman FoFi; Cown's ghost, journeyman TrHu; Jaliuk's ghost, journeyman DECj; Jiolyugh's ghost, journeyman GrEE; Uqorphet's ghost, journeyman DECj
Lair:2 exclusion: electric eel
Lair:5 Kirke
Lair:6 2 runed translucent doors


Innate Abilities, Weirdness & Mutations

You are very small and have problems with some larger weapons.
You are too small for most types of armour.
You have supernaturally acute eyesight. (SInv)
You are a herbivore.
You cover ground extremely quickly.
You need to consume almost no food.
You have large cloven feet.


Message History

The helpless manticore fails to defend itself.
You skewer the manticore like a kebab!!!!!
You kill the manticore!
You now have 2248 gold pieces (gained 19).
The rakshasa is too close now for your liking.
Things that are here:
a cursed -3 shortbow; 21 arrows
Found a halberd.
Found a hand crossbow.
The helpless hippogriff fails to defend itself.
You spit the hippogriff like a pig!!!!!
You kill the hippogriff!
You now have 2260 gold pieces (gained 12).
c - 81 sling bullets (gained 19) Level annotation: 3 runed translucent doors, Azrael; Cicylist's ghost, journeyman FoFi; Cown's ghost, journeyman TrHu; Jaliuk's ghost, journeyman DECj; Jiolyugh's ghost, journeyman GrEE; Uqorphet's ghost, journeyman DECj Welcome back, BarneyGumball the Spriggan Skald.
Gozag says: Greed is good.
Press ? for a list of commands and other information.
You swing at nothing.
Are you sure you want to abandon this character and quit the game? (Confirm with "yes".) #.#..# #....... #.#.## #....>.. #.#.# ###..... #.#.# ###+++ #.#.# ### #.WWWW.

#.#.####.###8.W...
#.#.......##......
#.#.##...#.#!.....
#@..##..#.###8....
#.####.#.## ##:(8(
#.# ##.### ###
..###..#### #.##
.#.^#......# #..#
#.##.#.##.#.####.#
.#. #.#.#....# .#.
..#.#.###### #
#.##.#......#


There were no monsters in sight!

Vanquished Creatures
  Gastronok (Orc:1)
  An orc warlord (Orc:2)
  A minotaur (Gauntlet)
  3 vault guards (D:13)
  Harold (D:9)
  2 hydras
  2 centaur warriors (D:13)
  5 two-headed ogres
  A tengu warrior (D:13)
  4 orc high priests (Orc:2)
  Sonja (Lair:3)
  A sixfirhy (Gauntlet)
  4 orc knights (Orc:2)
  3 cyclopes (D:12)
  3 orc sorcerers (Orc:2)
  4 ugly things
  2 manticores
  A centaur zombie (D:12)
  3 black mambas
  8 spiny frogs
  2 gargoyles
  2 kobold demonologists
  A freezing wraith (D:14)
  3 komodo dragons
  A tengu conjurer (D:13)
  A polar bear (Lair:4)
  A hornet (D:14)
  5 trolls
  8 slime creatures
  10 hippogriffs
  19 yaks
  3 wyverns
  2 basilisks
  A hungry ghost (D:12)
  4 wargs
  2 nagas (Lair:4)
  8 water moccasins
  An acid dragon (D:13)
  11 porcupines
  39 orc warriors
  7 ice beasts
  4 black bears
  5 sky beasts
  A phantom (D:6)
  A necrophage (D:7)
  15 ogres
  6 crocodiles
  11 centaurs
  4 wolves
  A wyvern zombie (D:7)
  11 bullfrogs
  7 scorpions
  24 killer bees
  19 wights
  8 crimson imps
  A quasit (D:10)
  6 jellies
  25 orc priests
  9 hounds
  27 orc wizards
  3 bullfrog skeletons
  6 centaur skeletons
  A gnoll shaman (Orc:2)
  Crazy Yiuf (D:7)
  4 iguanas
  5 worker ants
  4 hound skeletons
  A howler monkey zombie (D:11)
  2 worker ant zombies
  4 gnolls (D:6)
  11 adders
  A shadow imp (D:9)
  An ufetubus (Gauntlet)
  6 oozes
  An adder zombie (D:6)
  A worm (D:5)
  2 dart slugs
  3 leopard geckos
  104 orcs
  A ball python (D:2)
  A bat (D:1)
  7 giant cockroaches
  6 goblins
  7 hobgoblins
  9 jackals
  4 kobolds
  12 quokkas
  3 frilled lizards
  A jackal zombie (D:5)
  5 rats
  A plant (Lair:4)
585 creatures vanquished.

Vanquished Creatures (others)
  A killer bee (D:11)
  A bush (D:9)
  9 fungi
  18 plants
29 creatures vanquished.

Grand Total: 614 creatures vanquished

Notes
Turn   | Place    | Note
-------+----------+-------------------------------------------
     0 | D:1      | BarneyGumball the Spriggan Skald began the quest for the
                  | Orb.
     0 | D:1      | Reached XP level 1. HP: 10/10 MP: 5/5
    32 | D:1      | Reached skill level 1 in Stealth
    76 | D:1      | Reached skill level 2 in Stealth
   440 | D:1      | Reached XP level 2. HP: 11/14 MP: 6/6
  1305 | D:2      | Reached skill level 3 in Stealth
  1328 | D:2      | Reached XP level 3. HP: 18/18 MP: 8/8
  1719 | D:2      | Reached skill level 4 in Stealth
  2407 | D:3      | Found a hide-covered altar of Uskayaw.
  2725 | D:3      | Reached XP level 4. HP: 22/22 MP: 9/9
  2959 | D:4      | Reached skill level 5 in Stealth
  2969 | D:4      | Found a sacrificial altar of Ru.
  3043 | D:4      | Found Zixaesok's Gadget Emporium.
  3107 | D:4      | Learned a level 2 spell: Shroud of Golubria
  3505 | D:4      | Reached skill level 6 in Stealth
  3505 | D:4      | Reached skill level 1 in Translocations
  3505 | D:4      | Reached XP level 5. HP: 18/25 MP: 10/10
  4364 | D:4      | Noticed a phantom
  4718 | D:4      | Reached skill level 7 in Stealth
  5436 | D:4      | Reached XP level 6. HP: 30/30 MP: 11/11
  5594 | D:5      | Entered Level 5 of the Dungeon
  5595 | D:5      | Found a white marble altar of Elyvilon.
  5608 | D:5      | Reached skill level 8 in Stealth
  5619 | D:5      | Found an iron altar of Okawaru.
  5619 | D:5      | Found a radiant altar of Vehumet.
  5641 | D:5      | Found a shattered altar of Ashenzari.
  5729 | D:5      | Reached skill level 9 in Stealth
  5777 | D:5      | Found a sacrificial altar of Ru.
  6448 | D:5      | Reached XP level 7. HP: 33/33 MP: 12/12
  6535 | D:5      | Learned a level 3 spell: Confuse
  6548 | D:5      | Found a runed translucent door.
  6549 | D:5      | Noticed BarneyGumball's ghost (novice KoBe)
  6641 | D:6      | Reached skill level 1 in Bows
  6641 | D:6      | Reached skill level 10 in Stealth
  6675 | D:6      | Reached skill level 1 in Hexes
  6733 | D:6      | Found a deep blue altar of Sif Muna.
  7683 | D:5      | Reached skill level 11 in Stealth
  8040 | D:6      | Noticed a moth of wrath
  8043 | D:6      | Found a bloodstained altar of Trog.
  8338 | D:6      | Reached XP level 8. HP: 39/39 MP: 13/13
  8386 | D:7      | Found a staircase to the Ecumenical Temple.
  8395 | Temple   | Entered the Ecumenical Temple
  8569 | Temple   | Became a worshipper of Gozag Ym Sagoz the Greedy
  8672 | D:7      | Found a hazy altar of Hepliaklqana.
  8751 | D:7      | Reached skill level 12 in Stealth
  8804 | D:7      | Found a runed translucent door.
  8805 | D:7      | Noticed Crazy Yiuf
  8812 | D:7      | Killed Crazy Yiuf
  9976 | D:8      | Noticed a hippogriff
 10063 | D:8      | Reached skill level 13 in Stealth
 10374 | D:6      | Reached skill level 5 in Hexes
 10811 | D:8      | Reached XP level 9. HP: 36/44 MP: 14/14
 11368 | D:8      | Reached skill level 14 in Stealth
 11797 | D:8      | Found a runed translucent door.
 11799 | D:8      | Noticed bonscott's ghost (novice TeAE)
 11799 | D:8      | Identified the +1 trident "Spriggan's Bane" {venom, +Inv
                  | rElec Str-5 Int+3}
 11949 | D:8      | Noticed a two-headed ogre
 12029 | D:8      | Killed a two-headed ogre
 12029 | D:8      | Reached skill level 15 in Stealth
 12029 | D:8      | Reached skill level 5 in Spellcasting
 12050 | D:8      | Found Etrig's Armour Emporium.
 12059 | D:8      | Bought a +1 robe of fire resistance for 152 gold pieces
 12059 | D:8      | Bought a +0 cloak of poison resistance for 102 gold pieces
 12111 | D:8      | Found a burning altar of Makhleb.
 12111 | D:8      | Noticed a blizzard demon
 12114 | D:8      | Noticed an orange demon
 12114 | D:8      | Noticed a smoke demon
 12465 | D:9      | Reached XP level 10. HP: 51/51 MP: 18/18
 12745 | D:9      | Reached skill level 1 in Slings
 13030 | D:9      | Found a staircase to the Lair.
 13337 | D:9      | Reached skill level 5 in Fighting
 13848 | D:9      | Learned a level 5 spell: Metabolic Englaciation
 14874 | D:9      | Reached skill level 16 in Stealth
 14919 | D:9      | Noticed Harold
 15009 | D:9      | Reached skill level 1 in Ice Magic
 15452 | D:9      | Found a basalt altar of Yredelemnul.
 16056 | D:9      | Killed Harold
 16380 | D:10     | Entered Level 10 of the Dungeon
 16448 | D:10     | Found Goabbuem's Distillery.
 16454 | D:10     | Bought a potion of might for 44 gold pieces
 16454 | D:10     | Bought a potion of heal wounds for 55 gold pieces
 16515 | D:10     | Found a runed translucent gate.
 16516 | D:10     | Found a runed translucent gate.
 16517 | D:10     | Found a runed translucent gate.
 16518 | D:10     | Noticed mezmerelda's ghost (journeyman TrMo)
 16826 | D:10     | Reached XP level 11. HP: 47/56 MP: 22/22
 16932 | D:10     | Reached skill level 5 in Short Blades
 17527 | Lair:1   | Entered Level 1 of the Lair of Beasts
 17527 | Lair:1   | Found a gate leading to a gauntlet.
 17548 | Gauntlet | Entered a Gauntlet
 17548 | Gauntlet | Found a transporter.
 17559 | Gauntlet | Noticed a sixfirhy
 17559 | Gauntlet | Found a transporter.
 17562 | Gauntlet | Found a transporter.
 17563 | Gauntlet | Found a transporter.
 17569 | Gauntlet | Found a transporter.
 17570 | Gauntlet | Killed a sixfirhy
 17594 | Gauntlet | Found a transporter.
 17599 | Gauntlet | Found a transporter.
 17615 | Gauntlet | Found a transporter.
 17635 | Gauntlet | Noticed a green death
 17635 | Gauntlet | Found a transporter.
 17646 | Gauntlet | Noticed a thrashing horror
 17654 | Gauntlet | Got a polished helmet
 17656 | Gauntlet | Found a transporter.
 17668 | Gauntlet | Noticed a minotaur
 17688 | Gauntlet | Killed a minotaur
 17709 | Gauntlet | Identified the Volume of Unholy Battle Magic
 17995 | Lair:1   | Found a frozen archway.
 18013 | IceCv    | Entered an ice cave
 18255 | Lair:1   | Learned a level 6 spell: Deflect Missiles
 18471 | Lair:1   | Got a bound wooden ring
 18473 | Lair:1   | Identified the ring "Maici" {rF+ MR+ Str+3 Slay-2 Stlth+}
                  | (You found it on level 1 of the Lair of Beasts)
 20372 | Lair:3   | Noticed an eight-headed hydra
 21041 | Lair:3   | Found a staircase to the Shoals.
 22652 | Lair:2   | Reached XP level 12. HP: 31/62 MP: 11/25
 22844 | Lair:3   | Noticed Sonja
 23109 | Lair:3   | Reached skill level 10 in Hexes
 23165 | Lair:3   | Killed Sonja
 24383 | Lair:4   | You fall through a shaft for 2 floors!
 24383 | Lair:6   | Entered Level 6 of the Lair of Beasts
 24383 | Lair:6   | Found a large runed translucent door.
 24383 | Lair:6   | Found a large runed translucent door.
 24384 | Lair:6   | Noticed an eight-headed hydra
 24560 | Lair:4   | Reached skill level 5 in Ice Magic
 24699 | Lair:4   | Found a staircase to the Snake Pit.
 25322 | Lair:5   | Noticed Kirke
 25529 | Lair:4   | Bought a book of Party Tricks for 700 gold pieces
 25536 | Lair:4   | Learned a level 6 spell: Invisibility
 25538 | Lair:4   | Learned a level 1 spell: Summon Butterflies
 26038 | D:10     | Learned a level 2 spell: Passwall
 26847 | D:11     | Reached skill level 1 in Air Magic
 26918 | D:11     | Noticed a two-headed ogre
 26937 | D:11     | Killed a two-headed ogre
 26937 | D:11     | Reached skill level 1 in Summonings
 27352 | D:10     | Found a basalt altar of Yredelemnul.
 27423 | D:11     | Noticed a seven-headed hydra
 28333 | D:11     | Learned a level 3 spell: Dazzling Spray
 28922 | D:11     | Killed a seven-headed hydra
 28922 | D:11     | Reached skill level 10 in Spellcasting
 29694 | D:12     | Reached skill level 1 in Conjurations
 30715 | D:12     | Reached XP level 13. HP: 38/67 MP: 28/28
 31077 | D:12     | Found a staircase to the Orcish Mines.
 31170 | Orc:1    | Entered Level 1 of the Orcish Mines
 31365 | Orc:1    | Noticed Gastronok
 31424 | Orc:1    | Reached skill level 17 in Stealth
 31641 | Orc:1    | Found a bloodstained altar of Trog.
 31646 | Orc:1    | Killed Gastronok
 31696 | Orc:2    | Entered Level 2 of the Orcish Mines
 33201 | Orc:2    | Found a roughly hewn altar of Beogh.
 33284 | Orc:2    | Found Ofek Kup's Gadget Emporium.
 33300 | Orc:2    | Found Akip's Weapon Shoppe.
 33908 | Orc:2    | Found a staircase to the Elven Halls.
 34083 | Orc:2    | Gained mutation: You have large cloven feet. [mutagenic
                  | glow]
 34866 | Orc:2    | Found Walosk's Distillery.
 35277 | Orc:2    | Found a roughly hewn altar of Beogh.
 35278 | Orc:2    | Noticed an orc warlord
 35291 | Orc:2    | HP: 3/67 [orc warlord/+0 dire flail of draining (9)]
 35659 | Orc:2    | Bought a potion of haste for 140 gold pieces
 35659 | Orc:2    | Bought 2 potions of heal wounds for 140 gold pieces
 35831 | Orc:2    | Killed an orc warlord
 36264 | Orc:2    | Found Votua's Gadget Shop.
 36697 | Orc:2    | Bought a wand of digging (6) for 220 gold pieces
 36697 | Orc:2    | Bought a wand of enslavement (9) for 121 gold pieces
 38053 | D:13     | Reached XP level 14. HP: 72/72 MP: 29/29
 38436 | D:13     | Found a gate to the Vaults.
 38767 | D:13     | Reached skill level 5 in Air Magic
 39054 | D:13     | Learned a level 4 spell: Iskenderun's Mystic Blast
 39131 | D:13     | Reached skill level 10 in Short Blades
 39131 | D:13     | Reached skill level 18 in Stealth
 40700 | D:14     | Found a runed translucent gate.
 40700 | D:14     | Found a runed translucent gate.
 40700 | D:14     | Found a runed translucent gate.
 40703 | D:14     | Noticed Cicylist's ghost (journeyman FoFi)
 40703 | D:14     | Noticed Uqorphet's ghost (journeyman DECj)
 40705 | D:14     | Noticed Jiolyugh's ghost (journeyman GrEE)
 40706 | D:14     | Noticed Cown's ghost (journeyman TrHu)
 40706 | D:14     | Noticed Jaliuk's ghost (journeyman DECj)
 41834 | D:14     | Noticed Azrael
 42062 | D:14     | Quit the game

Skill      XL: |  1  2  3  4  5  6  7  8  9 10 11 12 13 14 |
---------------+-------------------------------------------+-----
Stealth        | 2 3 4 6 7 9 11 13 15 16 17 18 | 18.3
Short Blades   | 3 4 6 8 9 10 | 10.3
Translocations | 1 3 |  3.0
Bows           | 2 |  2.2
Hexes          | 3 5 6 8 9 11 13 | 13.6
Fighting       | 2 3 4 5 6 7 |  7.0
Spellcasting   | 5 7 8 10 | 10.6
Slings         | 2 |  2.8
Ice Magic      | 2 4 5 |  5.1
Air Magic      | 2 4 5 |  5.0
Summonings     | 1 |  1.2
Conjurations   | 1 3 4 |  4.8
Dodging        | |  3.5
Charms         | |  4.4

Action                   |  1- 3 |  4- 6 |  7- 9 | 10-12 | 13-15 || total
-------------------------+-------+-------+-------+-------+-------++-------
Melee: Short sword       |   180 |    25 |       |       |       ||   205
       Rapier            |       |    76 |       |       |       ||    76
       Dagger            |       |    54 |   213 |   957 |   735 ||  1959
       Kick              |       |       |       |       |   146 ||   146
 Fire: Shortbow          |       |       |     9 |       |       ||     9
       Hunting sling     |       |       |       |     3 |       ||     3
Throw: Tomahawk          |       |     6 |    11 |     3 |       ||    20
       Throwing net      |       |       |       |     5 |     2 ||     7
 Cast: Infusion          |     1 |       |       |     1 |     1 ||     3
       Shroud of Golubri |       |     2 |       |     3 |     2 ||     7
       Confuse           |       |       |     7 |    50 |    73 ||   130
       Dazzling Spray    |       |       |       |    12 |     8 ||    20
       Metabolic Englaci |       |       |       |     4 |     5 ||     9
       Invisibility      |       |       |       |     2 |    17 ||    19
       Passwall          |       |       |       |     1 |       ||     1
       Iskenderun's Myst |       |       |       |       |     4 ||     4
       Summon Butterflie |       |       |       |       |     1 ||     1
Invok: Potion Petition   |       |       |       |     1 |     1 ||     2
       Call Merchant     |       |       |       |     1 |       ||     1
Evoke: Wand              |       |       |       |     1 |     1 ||     2
  Use: Scroll            |       |     1 |     9 |    14 |     2 ||    26
       Potion            |       |     5 |       |     2 |     1 ||     8
 Stab: Sleeping          |     8 |     3 |    17 |    50 |    58 ||   136
       Distracted        |       |     4 |       |    13 |     8 ||    25
       Confused          |       |       |     5 |    28 |    46 ||    79
       Held in net/web   |       |       |       |     1 |     1 ||     2
       Invisible         |       |       |       |    18 |    52 ||    70
  Eat: Ration            |       |     4 |     4 |    10 |    10 ||    28
Armor: Robe              |    11 |    10 |    10 |    60 |    17 ||   108
       Skin              |       |     4 |       |       |       ||     4
Dodge: Dodged            |    99 |   119 |   146 |   576 |   332 ||  1272
